[Event "3rd CNE NED-ch Women Rapid 2017"]
[Site "Amstelveen"]
[Date "2017.12.03"]
[Round "5"]
[White "Keetman, Maaike"]
[Black "De Mie, Mariska"]
[Result "0-1"]
[ECO "B42"]
[WhiteElo "2203"]
[BlackElo "2242"]
[Annotator "NA"]
[PlyCount "66"]
[EventDate "2017.??.??"]
[EventType "tourn"]
[EventCountry "NED"]
[SourceTitle "playchess.com"]
[Source "ChessBase"]
[SourceQuality "1"]
[TimeControl "900+10"]

1. e4 c5 2. Nf3 e6 3. d4 cxd4 4. Nxd4 a6 5. Bd3 Nf6 6. O-O e5 7. Nf3 d6 8. Bg5 Be7 9. Nc3 Be6 10. Qe2 Nbd7 11. Bc4 O-O 12. Rfd1 Rc8 13. Bb3 Qc7 14. Rd2 b5 15. Rad1 Bc4 16. Bxc4 Qxc4 17. Nd5 Nxd5 18. Qxc4 Rxc4 19. Rxd5 f6 20. Bd2 Rxe4 21. Ba5 Rc8 22. c3 Ra4 23. Bb4 Nb6 24. R5d2 Nc4 25. b3 Nxd2 26. bxa4 Nxf3+ 27. gxf3 bxa4 28. Rd5 Kf7 29. Kf1 Ke6 30. Ra5 Rc6 31. Ke2 Bd8 32. Rxa4 a5 33. Bxa5 Ra6 0-1

[Event "3rd CNE NED-ch Women Rapid 2017"]
[Site "Amstelveen"]
[Date "2017.12.03"]
[Round "5"]
[White "Kazarian, Anna-Maja"]
[Black "De Jong-Muhren, Bianca"]
[Result "0-1"]
[ECO "B44"]
[WhiteElo "2162"]
[BlackElo "2262"]
[Annotator "NA"]
[PlyCount "88"]
[EventDate "2017.??.??"]
[EventType "tourn"]
[EventCountry "NED"]
[SourceTitle "playchess.com"]
[Source "ChessBase"]
[SourceQuality "1"]
[TimeControl "900+10"]

1. e4 c5 2. Nf3 e6 3. d4 cxd4 4. Nxd4 Nc6 5. Nb5 d6 6. c4 a6 7. N5c3 Nf6 8. Be3 b6 9. Nd2 Ne5 10. Be2 Bb7 11. f4 Ned7 12. O-O Be7 13. Bf3 Qc7 14. Qe2 Rc8 15. g4 O-O 16. g5 Ne8 17. Bg4 Qd8 18. Qg2 Nc7 19. Qh3 Re8 20. Nd5 exd5 21. Bxd7 dxe4 22. Bxb6 Bf8 23. Bxe8 Qxe8 24. Qe3 d5 25. b3 Qc6 26. Rac1 Na8 27. Bd4 Rd8 28. Rfe1 Ba3 29. Rc2 Nc7 30. Nb1 Bd6 31. f5 Nb5 32. Kh1 Nxd4 33. Qxd4 Be7 34. f6 gxf6 35. gxf6 Bxf6 36. Rg2+ Kh8 37. cxd5 Bxd4 38. dxc6 Bxc6 39. Na3 e3 40. Nc2 Bc3 41. Rc1 e2 42. Ne1 Rd1 43. Kg1 Rxc1 44. Rxe2 Rxe1+ 0-1

[Event "3rd CNE NED-ch Women Rapid 2017"]
[Site "Amstelveen"]
[Date "2017.12.03"]
[Round "6"]
[White "Haast, Anne"]
[Black "Kazarian, Anna-Maja"]
[Result "1/2-1/2"]
[ECO "C06"]
[WhiteElo "2332"]
[BlackElo "2162"]
[Annotator "NA"]
[PlyCount "120"]
[EventDate "2017.??.??"]
[EventType "tourn"]
[EventCountry "NED"]
[SourceTitle "playchess.com"]
[Source "ChessBase"]
[SourceQuality "1"]
[TimeControl "900+10"]

1. e4 e6 2. d4 d5 3. Nd2 Nf6 4. e5 Nfd7 5. Bd3 c5 6. c3 Nc6 7. Ne2 cxd4 8. cxd4 Qb6 9. Nf3 f6 10. exf6 Nxf6 11. O-O Bd6 12. Bf4 Bxf4 13. Nxf4 O-O 14. Re1 Ne4 15. Nh3 e5 16. Bxe4 dxe4 17. Nfg5 h6 18. dxe5 hxg5 19. Qd5+ Kh8 20. e6 Qxb2 21. Qxe4 Qf6 22. Qe3 Bxe6 23. Qxe6 Qxe6 24. Rxe6 g4 25. Ng5 Rf5 26. h4 Raf8 27. Re2 a5 28. Rc1 a4 29. Rc4 g3 30. fxg3 a3 31. Nf3 Rb5 32. Ra4 Rb2 33. Re3 Rxa2 34. Rexa3 Rxa3 35. Rxa3 b5 36. Ra6 Rc8 37. Rb6 b4 38. g4 Kg8 39. Kf2 Kf8 40. Rb7 Rb8 41. Rxb8+ Nxb8 42. Ke3 Ke7 43. Kd3 Ke6 44. Nd4+ Ke5 45. Ke3 Kd5 46. h5 Nd7 47. g5 Ne5 48. Nf3 b3 49. Kd2 Ng4 50. Kc3 Ke6 51. Nh4 Ke5 52. g3 Nf2 53. Kxb3 Ne4 54. g6 Kf6 55. g4 Nf2 56. Kc4 Nxg4 57. Kd5 Kg5 58. Ke6 Kxh4 59. Kf7 Kxh5 60. Kxg7 Ne5 1/2-1/2

[Event "3rd CNE NED-ch Women Rapid 2017"]
[Site "Amstelveen"]
[Date "2017.12.03"]
[Round "6"]
[White "Lanchava, Tea"]
[Black "Keetman, Maaike"]
[Result "1-0"]
[ECO "A10"]
[WhiteElo "2297"]
[BlackElo "2203"]
[Annotator "NA"]
[PlyCount "91"]
[EventDate "2017.??.??"]
[EventType "tourn"]
[EventCountry "NED"]
[SourceTitle "playchess.com"]
[Source "ChessBase"]
[SourceQuality "1"]
[TimeControl "900+10"]

1. c4 g6 2. g3 Bg7 3. Bg2 d6 4. Nc3 e5 5. d3 Ne7 6. e4 O-O 7. Nge2 c5 8. O-O Nbc6 9. f4 a6 10. Be3 Nd4 11. Qd2 Rb8 12. Bxd4 cxd4 13. Nd5 Nxd5 14. cxd5 f5 15. Qb4 a5 16. Qb3 Kh8 17. Rac1 Bd7 18. Qa3 Qb6 19. fxe5 Bxe5 20. Nf4 fxe4 21. Bxe4 Bxf4 22. gxf4 Rbc8 23. b3 Bh3 24. Rf3 Bg4 25. Rf2 Rc3 26. Qb2 Qc5 27. Re1 Bf5 28. Qe2 Re8 29. Qf3 Kg7 30. Rfe2 Bxe4 31. Rxe4 Rxe4 32. Rxe4 Rc1+ 33. Kg2 Rc2+ 34. Kh3 Rxa2 35. f5 Qc8 36. Re6 gxf5 37. Qf4 Rc2 38. Qg5+ Kh8 39. Qf6+ Kg8 40. Rxd6 f4+ 41. Re6 Re2 42. Qe7 f3 43. Kg3 f2 44. Qg5+ Kh8 45. Qf6+ Kg8 46. Rxe2 1-0

[Event "3rd CNE NED-ch Women Rapid 2017"]
[Site "Amstelveen"]
[Date "2017.12.03"]
[Round "6"]
[White "Paulet, Iozefina"]
[Black "De Mie, Mariska"]
[Result "1-0"]
[ECO "B06"]
[WhiteElo "2272"]
[BlackElo "2242"]
[Annotator "NA"]
[PlyCount "79"]
[EventDate "2017.??.??"]
[EventType "tourn"]
[EventCountry "NED"]
[SourceTitle "playchess.com"]
[Source "ChessBase"]
[SourceQuality "1"]
[TimeControl "900+10"]

1. e4 d6 2. d4 g6 3. Nc3 Bg7 4. Nf3 a6 5. Be3 b5 6. Bd3 Nd7 7. Qd2 Bb7 8. a4 b4 9. Ne2 Ngf6 10. Ng3 a5 11. h3 h6 12. O-O e6 13. c4 e5 14. dxe5 dxe5 15. c5 Qe7 16. c6 Bxc6 17. Rfc1 Qd6 18. Qc2 Bb7 19. Bb5 O-O 20. Rd1 Qe6 21. Qxc7 Bc8 22. Rd6 Ne8 23. Qxc8 Nxd6 24. Qxd7 Qxd7 25. Bxd7 Nc4 26. Bb5 Nxe3 27. fxe3 Rac8 28. Ne1 Rfd8 29. Nf1 Bf8 30. Kf2 f5 31. Ke2 Kf7 32. Nd2 Ke6 33. exf5+ gxf5 34. Nc4 Ra8 35. Nd3 Bd6 36. g4 fxg4 37. hxg4 Rf8 38. Rh1 Rf6 39. Rh5 e4 40. Nf2 1-0

[Event "3rd CNE NED-ch Women Rapid 2017"]
[Site "Amstelveen"]
[Date "2017.12.03"]
[Round "6"]
[White "De Jong-Muhren, Bianca"]
[Black "Ratsma, Rosa"]
[Result "1-0"]
[ECO "B90"]
[WhiteElo "2262"]
[BlackElo "2295"]
[Annotator "NA"]
[PlyCount "83"]
[EventDate "2017.??.??"]
[EventType "tourn"]
[EventCountry "NED"]
[SourceTitle "playchess.com"]
[Source "ChessBase"]
[SourceQuality "1"]
[TimeControl "900+10"]

1. e4 c5 2. Nf3 d6 3. d4 cxd4 4. Nxd4 Nf6 5. Nc3 a6 6. Be3 e5 7. Nf3 Qc7 8. a4 Be6 9. a5 Nbd7 10. Ng5 Bc4 11. Bxc4 Qxc4 12. Ra4 Qc6 13. O-O h6 14. Nf3 Be7 15. Nh4 g6 16. h3 Nh5 17. Qg4 Ndf6 18. Qe2 Rc8 19. Rd1 Ng7 20. Nf3 Ne6 21. Nd2 d5 22. exd5 Nxd5 23. Rc4 Ndf4 24. Bxf4 Nxf4 25. Qf1 Qe6 26. Rxc8+ Qxc8 27. Nc4 O-O 28. Nxe5 Qe6 29. Ng4 h5 30. Re1 Qd7 31. Ne5 Qf5 32. Nd3 Bb4 33. Nxb4 Qxa5 34. Qc4 Ne6 35. Nbd5 Kg7 36. Qd3 Rd8 37. Qf3 Kg8 38. b4 Qa3 39. Qf6 Rf8 40. Ne7+ Kh7 41. Rxe6 Qxb4 42. Re3 1-0

[Event "3rd CNE NED-ch Women Rapid 2017"]
[Site "Amstelveen"]
[Date "2017.12.03"]
[Round "7"]
[White "Ratsma, Rosa"]
[Black "Haast, Anne"]
[Result "0-1"]
[ECO "C84"]
[WhiteElo "2295"]
[BlackElo "2332"]
[Annotator "NA"]
[PlyCount "72"]
[EventDate "2017.??.??"]
[EventType "tourn"]
[EventCountry "NED"]
[SourceTitle "playchess.com"]
[Source "ChessBase"]
[SourceQuality "1"]
[TimeControl "900+10"]

1. e4 e5 2. Nf3 Nc6 3. Bb5 a6 4. Ba4 Nf6 5. O-O Be7 6. d3 b5 7. Bb3 d6 8. a3 O-O 9. Nc3 Nd4 10. Nxd4 exd4 11. Nd5 Nxd5 12. Bxd5 Rb8 13. b4 Be6 14. Bb2 Bf6 15. Bxe6 fxe6 16. f4 e5 17. c3 c5 18. cxd4 cxd4 19. Qb3+ Kh8 20. Rac1 exf4 21. Qd5 Be5 22. Bxd4 Qg5 23. Bf2 f3 24. g3 Qg4 25. Be1 Bf4 26. Rc2 Rbc8 27. Rxc8 Be3+ 28. Bf2 Bxf2+ 29. Kxf2 Qxc8 30. Qxd6 Qc2+ 31. Ke3 Qe2+ 32. Kd4 Rg8 33. Rb1 f2 34. Qf4 Rd8+ 35. Ke5 Qxd3 36. Qf7 Qxb1 0-1

[Event "3rd CNE NED-ch Women Rapid 2017"]
[Site "Amstelveen"]
[Date "2017.12.03"]
[Round "7"]
[White "De Mie, Mariska"]
[Black "Lanchava, Tea"]
[Result "0-1"]
[ECO "B06"]
[WhiteElo "2242"]
[BlackElo "2297"]
[Annotator "ChessBase"]
[PlyCount "131"]
[EventDate "2017.??.??"]
[EventType "tourn"]
[EventCountry "NED"]
[SourceTitle "playchess.com"]
[Source "ChessBase"]
[SourceQuality "1"]
[TimeControl "900+10"]

1. e4 g6 2. d4 c6 3. Nc3 Bg7 4. Bc4 b5 5. Bb3 b4 6. Nce2 d6 7. Nf3 Nf6 8. Ng3 Ba6 9. h4 h6 10. h5 g5 11. Nf5 Bf8 12. e5 Nd5 13. Bxd5 cxd5 14. Ne3 e6 15. Ng4 Nd7 16. Be3 Bg7 17. Qd2 Qb6 18. Kd1 O-O-O 19. c3 bxc3 20. Rc1 Kb7 21. Rxc3 Ka8 22. Kc1 Rc8 23. Kb1 Rxc3 24. Qxc3 Rc8 25. Qd2 Bf8 26. Rc1 Rb8 27. Ka1 Qb5 28. exd6 Bxd6 29. Nxh6 Bb4 30. Qc2 f6 31. Ng4 Rc8 32. Qd1 Rh8 33. h6 f5 34. Nge5 f4 35. Bd2 Nxe5 36. Nxe5 Rxh6 37. Bxb4 Qxb4 38. Qc2 Bb7 39. Nf7 Rh2 40. Qg6 a6 41. Qg8+ Ka7 42. Qxg5 Qxd4 43. Nd8 Rh7 44. Nxe6 Qxf2 45. Qxf4 Qb6 46. Nd4 Re7 47. Qd2 Re4 48. Rd1 Qf6 49. Qb4 Qf2 50. Qc5+ Ka8 51. Nb3 Qxg2 52. Qf8+ Ka7 53. Qc5+ Kb8 54. Qf8+ Kc7 55. Qf7+ Kb6 56. Nc5 Kxc5 57. Qxb7 Rb4 58. Qc7+ Kb5 59. Qb7+ Ka5 60. Rxd5+ Rb5 61. Qc7+ Ka4 62. Qc4+ Ka5 63. Qc7+ Ka4 64. Rd4+ Rb4 65. b3+ Kb5 66. Qb8+ 0-1

[Event "3rd CNE NED-ch Women Rapid 2017"]
[Site "Amstelveen"]
[Date "2017.12.03"]
[Round "7"]
[White "Keetman, Maaike"]
[Black "De Jong-Muhren, Bianca"]
[Result "1-0"]
[ECO "B49"]
[WhiteElo "2203"]
[BlackElo "2262"]
[Annotator "NA"]
[PlyCount "69"]
[EventDate "2017.??.??"]
[EventType "tourn"]
[EventCountry "NED"]
[SourceTitle "playchess.com"]
[Source "ChessBase"]
[SourceQuality "1"]
[TimeControl "900+10"]

1. e4 c5 2. Nf3 e6 3. d4 cxd4 4. Nxd4 Nc6 5. Nc3 Qc7 6. Be3 a6 7. Be2 Nf6 8. a3 Be7 9. f4 d6 10. g4 O-O 11. g5 Nd7 12. Qd2 b5 13. Nxc6 Qxc6 14. O-O-O Re8 15. f5 Bf8 16. f6 Ne5 17. h4 Bb7 18. h5 Rac8 19. Rdf1 Qd7 20. Bd4 b4 21. Bxe5 bxc3 22. Bxc3 Bxe4 23. Rh4 d5 24. Rxe4 Rxc3 25. bxc3 Bxa3+ 26. Kd1 Qb7 27. Rb4 Bxb4 28. cxb4 e5 29. g6 hxg6 30. hxg6 Rf8 31. fxg7 Kxg7 32. gxf7 Rxf7 33. Qg5+ Kf8 34. Qd8+ Kg7 35. Rg1+ 1-0

[Event "3rd CNE NED-ch Women Rapid 2017"]
[Site "Amstelveen"]
[Date "2017.12.03"]
[Round "7"]
[White "Kazarian, Anna-Maja"]
[Black "Paulet, Iozefina"]
[Result "0-1"]
[ECO "A00"]
[WhiteElo "2162"]
[BlackElo "2272"]
[Annotator "NA"]
[PlyCount "73"]
[EventDate "2017.??.??"]
[EventType "tourn"]
[EventCountry "NED"]
[SourceTitle "playchess.com"]
[Source "ChessBase"]
[SourceQuality "1"]
[TimeControl "900+10"]

1. g3 c5 2. Bg2 Nc6 3. Nf3 Nf6 4. O-O d5 5. b3 e5 6. Bb2 Bd6 7. d3 O-O 8. Nbd2 Bg4 9. e4 d4 10. h3 Bxf3 11. Nxf3 b5 12. a4 a6 13. Nh4 Re8 14. Nf5 Bf8 15. g4 c4 16. bxc4 bxc4 17. Ba3 Bxa3 18. Rxa3 c3 19. g5 Nd7 20. Qg4 Nf8 21. h4 Nb4 22. Rb3 a5 23. f4 Nxc2 24. fxe5 Ng6 25. Rb5 Nb4 26. Qg3 Rb8 27. e6 fxe6 28. Rxb8 Qxb8 29. Qxb8 Rxb8 30. Nxd4 e5 31. Nb5 c2 32. Rc1 Rc8 33. Bh3 Rc5 34. Nd6 Nxd3 35. Be6+ Kf8 36. Rf1+ Ngf4 37. Bc4 0-1